AoeStats
← 739697286

Arabia

507911748Analyzed
4v4 RM · 13d ago on Sep 20, 2026· 35m 47s· 8 players
Game mode
Random Map
Map size
Large (8 player)
Population
200
Speed
Normal
Resources
Standard
Victory
Conquest
Starting age
Dark Age
Ending age
Imperial Age
RankedLock teamsTeams togetherTeam positionsShared explorationLock speedFull tech treeHidden civsTurbo modeCheats
Victory
Defeat
🇨🇳 Franks · China
1463
+13
🇲🇽 Ethiopians · Mexico
1372
+17
🇺🇸 Magyars · United States
1354
+17
🇺🇸 Britons · United States
1353
+17
🇲🇽 Huns · Mexico
1523
-21
🇦🇷 Maya · Argentina
1425
-18
🇨🇴 Mongols · Colombia
1347
-14
🇲🇽 Vietnamese · Mexico
1248
-11
[SotC] Maxeld
6:10 Loom
8:26 Feudal Age
9:07 Double-Bit Axe
10:35 Horse Collar
16:25 Scale Barding Armor
18:28 Forging
18:20 Town Watch
19:48 Wheelbarrow
19:40 Bloodlines
23:20 Castle Age
23:10 Gold Mining
25:47 Chain Barding Armor
26:02 Iron Casting
27:56 Husbandry
29:04 Hand Cart
34:22 Fletching
El Gobernador
9:15 Feudal Age
9:50 Double-Bit Axe
9:48 Horse Collar
16:09 Scale Barding Armor
15:55 Loom
18:17 Forging
19:27 Wheelbarrow
20:03 Gold Mining
23:11 Castle Age
22:53 Bloodlines
23:55 Husbandry
24:16 Chain Barding Armor
[SotC] Memowolf
7:15 Loom
10:03 Feudal Age
10:48 Double-Bit Axe
13:24 Fletching
19:14 Padded Archer Armor
27:40 Castle Age
27:02 Gold Mining
27:45 Elite Skirmisher
27:58 Elite Skirmisher
28:02 Crossbowman
29:10 Thumb Ring
30:08 Leather Archer Armor
34:01 Wheelbarrow
dario_def
0:25 Loom
8:40 Feudal Age
9:26 Double-Bit Axe
12:06 Fletching
17:39 Padded Archer Armor
25:04 Castle Age
24:21 Gold Mining
24:13 Horse Collar
25:11 Crossbowman
26:25 Bodkin Arrow
27:48 Wheelbarrow
27:39 Heavy Plow
28:44 Thumb Ring
29:05 Leather Archer Armor
30:22 Ballistics
33:11 Bow Saw
Tepeyóllotl
2:29 Loom
9:57 Feudal Age
11:01 Double-Bit Axe
12:44 Town Watch
14:30 Fletching
16:24 Padded Archer Armor
23:09 Wheelbarrow
26:57 Castle Age
25:08 Gold Mining
27:37 Bodkin Arrow
27:05 Crossbowman
28:12 Bow Saw
29:16 Ballistics
30:20 Leather Archer Armor
not sure
6:00 Loom
8:52 Feudal Age
10:03 Double-Bit Axe
10:41 Horse Collar
16:27 Scale Barding Armor
20:31 Wheelbarrow
24:10 Castle Age
22:58 Bloodlines
25:30 Chain Barding Armor
26:04 Hand Cart
26:07 Husbandry
27:53 Bow Saw
27:52 Light Cavalry
29:09 Gold Mining
[um] The Inland taipan
7:04 Loom
9:40 Feudal Age
12:47 Fletching
26:12 Castle Age
26:14 Man-at-Arms
26:17 Crossbowman
26:55 Bodkin Arrow
36:52 Imperial Age
739697286
9:31 Feudal Age
7:49 Loom
10:34 Double-Bit Axe
20:24 Forging
20:19 Scale Barding Armor
20:24 Forging
20:20 Scale Barding Armor
20:25 Forging
20:20 Scale Barding Armor
20:25 Forging
20:20 Scale Barding Armor
24:41 Wheelbarrow
25:50 Gold Mining
29:17 Castle Age
27:09 Stone Mining
27:26 Scale Barding Armor
29:33 Light Cavalry
30:50 Iron Casting
34:21 Chain Barding Armor
34:13 Bow Saw
Connection lost

Rejoining the realm…

Still unreachable

The connection could not be restored.

Session expired

The server has moved on; the page needs a fresh start.